 Dungeon Crawl Stone Soup version 0.29-a0-364-g921d912d32 (webtiles) character file.

Game seed: 5304454364971193341

53 sammy202020 the Skirmisher (level 3, -3/29 HPs)
             Began as a Demonspawn Berserker on May 1, 2022.
             Was a Believer of Trog.
             Killed by divine providence
             ... invoked by an orc priest
              (13 damage)
             ... on level 3 of the Dungeon.
             The game lasted 00:03:51 (2019 turns).

sammy202020 the Skirmisher (Demonspawn Berserker)   Turns: 2019, Time: 00:03:51

Health: -3/29      AC:  5    Str: 20    XL:     3   Next: 62%
Magic:  12/12      EV: 12    Int: 10    God:    Trog [**....]
Gold:   125        SH:  0    Dex: 12    Spells: 2/2 levels left

rFire   . . .      SeeInvis +   a - +1 hand axe
rCold   . . .      Faith    .   (no shield)
rNeg    . . .      Spirit   .   g - +2 leather armour of Noaschucs {MP+9 Str+3 SInv}
rPois   .          Reflect  .   (no helmet)
rElec   .          Harm     .   (no cloak)
rCorr   .          Rampage  .   (no gloves)
Will    .....                   (no boots)
Stlth   +.........              (no amulet)
HPRegen 0.09/turn               (no ring)
MPRegen 0.26/turn               (no ring)

@: no status effects
A: magic regeneration, demonic touch 1
a: Renounce Religion, Berserk, Trog's Hand


You were on level 3 of the Dungeon.
You worshipped Trog.
Trog was pleased with you.
You visited 1 branch of the dungeon, and saw 3 of its levels.

You collected 125 gold pieces.

Inventory:

Hand Weapons
 a - a +1 hand axe (weapon)
 c - a +0 flail
Armour
 e - a +0 chain mail
 g - the +2 leather armour of Noaschucs (worn) {MP+9 Str+3 SInv}
   (You found it on level 2 of the Dungeon)

   Str:       It affects your strength (+3).
   MP:        It affects your magic capacity (+9).
   SInv:      It lets you see invisible.
Jewellery
 d - a ring of ice
Scrolls
 b - a scroll of enchant weapon
 f - 3 scrolls of amnesia
 h - a scroll of fear {unknown}
 i - a scroll of blinking
 l - a scroll of vulnerability {unknown}
Potions
 j - a potion of attraction {unknown}
 k - a potion of flight {unknown}


   Skills:
 * Level 3.6 Fighting
 * Level 3.2 Axes
 + Level 2.1 Armour
 + Level 2.1 Dodging
 * Level 0.3 Unarmed Combat


You had 2 spell levels left.
You didn't know any spells.
Your spell library was empty.

Dungeon Overview and Level Annotations

Branches:
Dungeon (3/15)

Altars:
Fedhas
Makhleb
Ru

Shops:
D:2 !


Innate Abilities, Weirdness & Mutations

You regenerate magic rapidly.
Your touch may inflict minor irresistible damage on your foes.


Message History

An orc comes into view. It is wielding a +0 club.
Found a leather armour.
The orc shouts!
An orc comes into view. It is wielding a +0 dagger.
An orc priest comes into view. It is wielding a +0 falchion.
The orc shouts!
The orc priest invokes the aid of Beogh against you.
Beogh smites you!
Ouch! That really hurt!
The orc hits you with a +0 club.
You are too injured to fight recklessly!
You are too injured to fight recklessly!
You are too injured to fight recklessly!
You are too injured to fight recklessly!
You are too injured to fight recklessly!
You are too injured to fight recklessly!
You are too injured to fight recklessly!
You are too injured to fight recklessly!
You are too injured to fight recklessly!
You are too injured to fight recklessly!
You are too injured to fight recklessly!
You are too injured to fight recklessly!
You are too injured to fight recklessly!
You are too injured to fight recklessly!
You are too injured to fight recklessly!
You are too injured to fight recklessly!
You are too injured to fight recklessly!
You are too injured to fight recklessly!
You are too injured to fight recklessly!
You are too injured to fight recklessly!
You are too injured to fight recklessly!
You are too injured to fight recklessly!
You are too injured to fight recklessly!
You are too injured to fight recklessly!
You are too injured to fight recklessly!
Unknown command.
You barely miss the orc. The orc hits you but does no damage.
The orc priest invokes the aid of Beogh against you.
Beogh smites you!
You die...

#.##.#.#.###.........
#....#.#.#...........
###...##.#.##.....#.##[
#.....##.#........# ..
#.....##.####.....###.#
#......#..............#
.....#.######....##.###
...#.............# ...
.#..)...#####...@# ###
........# #..oo#
........# #....#
.#.....## #...o#
...#...# #..[.#
.....#.# #....# #.....
#....#


You could see an orc priest and 2 orcs.

Vanquished Creatures
  An adder (D:2)
  A dart slug (D:1)
  4 endoplasms
  2 giant cockroaches (D:3)
  3 goblins
  4 hobgoblins
  3 jackals (D:2)
  3 quokkas
  7 ball pythons
  A bat (D:1)
  5 kobolds
  6 rats
40 creatures vanquished.

Notes
Turn   | Place    | Note
-------+----------+-------------------------------------------
     0 | D:1      | sammy202020 the Demonspawn Berserker began the quest for
                  | the Orb.
     0 | D:1      | Reached XP level 1. HP: 18/18 MP: 1/1
   300 | D:1      | Gained mutation: You regenerate magic rapidly. [demonic
                  | ancestry]
   300 | D:1      | Reached XP level 2. HP: 24/24 MP: 2/2
   658 | D:1      | Reached ** piety under Trog
   967 | D:2      | Discovered your monstrous ancestry.
   967 | D:2      | Gained mutation: Your touch may inflict minor irresistible
                  | damage on your foes. [demonic ancestry]
   967 | D:2      | Reached XP level 3. HP: 29/29 MP: 3/3
   999 | D:2      | Found Viarphufa's Distillery.
  1221 | D:2      | Identified the +2 leather armour of Noaschucs {MP+9 Str+3
                  | SInv}
  1344 | D:2      | Identified the +1 robe "Osuwif Zituo" {+Blink rN+ Str+7
                  | Archmagi}
  1589 | D:3      | Found a sacrificial altar of Ru.
  2005 | D:3      | Found a blossoming altar of Fedhas.
  2007 | D:3      | Found a burning altar of Makhleb.
  2019 | D:3      | Killed from afar by an orc priest

Illustrated notes

Levels and vault maps discovered:
D:1:      kennysheep_arrival_forest, layout_basic
D:2:      layout_loops_ring, serial_shops, nicolae_shop_advertising_works
          [nicolae_subvault_shop_adworks], minmay_misc_feat_doors,
          wad_floor_pattern_2, chequers_jeans
D:3:      layout_basic, nicolae_ru_awakened_eye,
          chequers_temple_overflow_statue_of_worship,
          hellmonk_ecumenical_altar_leap_of_faith, minmay_misc_feat_more_columns

Skill      XL: |  1  2 |
---------------+-------+-----
Axes           | 3 |  3.2
Armour         | 2 |  2.1
Dodging        | 2 |  2.1
Fighting       | |  3.6
Unarmed Combat | |  0.3

Action                   || total
-------------------------++-------
Melee: Hand axe          ||    84
       Touch             ||     2
       Punch             ||     1
  Use: Scroll            ||     8
Armor: Ring mail         ||     2
       Chain mail        ||    19
       Leather armour    ||    10
Dodge: Dodged            ||    43

Table legend: (Time is in decaauts)
 A = Elapsed time spent in this place.
 B = Non-inter-level travel time spent in this place.
 C = Inter-level travel time spent in this place.
 D = Time resting spent in this place.
 E = Time spent auto-exploring this place.
 F = Levels seen in this place.
 G = Mean time per level.
                   A        B        C        D        E       F      G
               +--------+--------+--------+--------+--------+-----+--------+
         Total |   2031 |   1992 |     39 |      0 |   1645 |   3 |  677.0 |
       Dungeon |   2031 |   1992 |     39 |      0 |   1645 |   3 |  677.0 |
               +--------+--------+--------+--------+--------+-----+--------+

Top non-repeatable levels by time:
     D:1: 793 daAuts
     D:2: 726 daAuts
     D:3: 511 daAuts
